 Dungeon Crawl Stone Soup version 0.28.0 (webtiles) character file.

Game seed: 4453166089691020104

3 SnakkuSnakku7 the Sneak (level 1, -1/12 HPs)
             Began as a Tengu Enchanter on Feb 5, 2022.
             Slain by a hobgoblin (4 damage)
             ... on level 1 of the Dungeon.
             The game lasted 00:00:14 (91 turns).

SnakkuSnakku7 the Sneak (Tengu Enchanter)             Turns: 91, Time: 00:00:15

Health: -1/12      AC:  2    Str:  8    XL:     1   Next: 50%
Magic:  4/4        EV: 12    Int: 15    God:
Gold:   28         SH:  0    Dex: 14    Spells: 4/4 levels left

rFire   . . .      SeeInvis .   a - +1 dagger
rCold   . . .      Faith    .   (no shield)
rNeg    . . .      Spirit   .   b - +0 robe
rPois   .          Reflect  .   (helmet restricted)
rElec   .          Harm     .   (no cloak)
rCorr   .          Rampage  .   (no gloves)
Will    .....                   (boots unavailable)
Stlth   ++........              (no amulet)
HPRegen 0.04/turn               (no ring)
MPRegen 0.09/turn               (no ring)

@: no status effects
A: beak, talons 3
a: no special abilities


You were on level 1 of the Dungeon.
You visited 1 branch of the dungeon, and saw 1 of its levels.

You collected 28 gold pieces.

Inventory:

Hand Weapons
 a - a +1 dagger (weapon)
Armour
 b - a +0 robe (worn)
Scrolls
 d - 3 scrolls of fog {unknown}
Potions
 c - a potion of invisibility
 e - a potion of lignification {unknown}


   Skills:
 + Level 1.0 Fighting
 - Level 1.1 Short Blades
 - Level 2.1 Dodging
 - Level 3.0 Stealth
 - Level 2.0 Spellcasting
 - Level 2.1 Hexes


You had 4 spell levels left.
You didn't know any spells.
Your spell library contained the following spells:

 Spells                   Type           Power      Damage    Failure   Level
 Ensorcelled Hibernation  Hex/Ice        8%         N/A       22%         2
 Confusing Touch          Hex            8%         N/A       26%         3
 Tukima's Dance           Hex            8%         N/A       26%         3
 Dazzling Flash           Conj/Hex       8%         N/A       38%         3


Dungeon Overview and Level Annotations

Branches:
Dungeon (1/15)

Altars:


Innate Abilities, Weirdness & Mutations

You have a beak for a mouth.
You have claws for feet.


Message History

The bat closely misses you.
You miss the bat. Your kick misses the bat.
The bat is severely wounded.
The bat closely misses you.
You hit the bat.
You kill the bat!
A goblin comes into view. It is wielding a +0 club.
The goblin shouts!
A hobgoblin comes into view.
You barely miss the rat. You claw the rat.
You kill the rat!
You hit the goblin. Your kick misses the goblin.
You peck the goblin, but do no damage.
The goblin is moderately wounded.
The goblin hits you with a +0 club.
You closely miss the goblin.
The goblin is moderately wounded.
The goblin hits you with a +0 club.
You hit the goblin. You peck the goblin.
The goblin is severely wounded.
A hobgoblin comes into view.
The goblin closely misses you.
The hobgoblin shouts!
You hit the goblin.
You kill the goblin!
Your Fighting skill increases to level 1!
The hobgoblin hits you but does no damage.
You closely miss the hobgoblin.
You peck the hobgoblin, but do no damage.
The hobgoblin misses you.
You hit the hobgoblin but do no damage. Your kick misses the hobgoblin.
Your peck misses the hobgoblin. The hobgoblin hits you.
* * * LOW HITPOINT WARNING * * *
You are too injured to fight recklessly!
You are too injured to fight recklessly!
You hit the hobgoblin but do no damage. The hobgoblin closely misses you.
You completely miss the hobgoblin. You claw the hobgoblin.
The hobgoblin is heavily wounded.
The hobgoblin hits you.
You die...

#...........................
######...........#...##♣♣♣♣♣
#######...#######....>..♣<...
#.........# #.#.###.♣.PPP
#.........# #.#...#...P≈≈
#.........# #.###...♣.P≈8
#.........# #.......♣.P≈≈
#.........#############.♣.PPP
#.........gg@..# ..♣....
#.........####.# ##♣♣♣♣♣
#......#### # #......#######.
#.....)........
#..............
#..............
#####.......... #.......###


You could see 2 hobgoblins.

Vanquished Creatures
  A goblin (D:1)
  A bat (D:1)
  2 rats (D:1)
4 creatures vanquished.

Notes
Turn   | Place    | Note
-------+----------+-------------------------------------------
     0 | D:1      | SnakkuSnakku7 the Tengu Enchanter began the quest for the
                  | Orb.
     0 | D:1      | Reached XP level 1. HP: 10/10 MP: 4/4
    79 | D:1      | Reached skill level 1 in Fighting
    91 | D:1      | Slain by a hobgoblin

Illustrated notes

Levels and vault maps discovered:
D:1:      tarquinn_simple_flora_water_a, layout_basic,
          shapermc_ecumenical_altar_mp_vishouse, minmay_misc_feat_four_crosses

Skill      XL: |  1 |
---------------+----+-----
Fighting       | 1 |  1.0
Short Blades   | |  1.1
Dodging        | |  2.1
Stealth        | |  3.0
Spellcasting   | |  2.0
Hexes          | |  2.1

Action                   || total
-------------------------++-------
Melee: Dagger            ||    13
       Peck              ||     4
       Kick              ||     3
Armor: Robe              ||     1
Dodge: Dodged            ||     6
